 Dungeon Crawl Stone Soup version 0.28-b1-25-g9875b3fc8c (webtiles) character file.

Game seed: 16479867460109365318

12 Ericg1s the Skirmisher (level 2, -6/26 HPs)
             Began as a Draconian Cinder Acolyte on Feb 2, 2022.
             Was a High Priest of Ignis.
             Succumbed to a kobold's poison
             ... on level 1 of the Dungeon.
             The game lasted 00:05:28 (701 turns).

Ericg1s the Skirmisher (Draconian Cinder Acolyte)    Turns: 701, Time: 00:05:29

Health: -6/26      AC:  4    Str: 16    XL:     2   Next: 20%
Magic:  3/3        EV: 10    Int: 14    God:    Ignis [*****.]
Gold:   24         SH:  2    Dex:  6    Spells: 3/3 levels left

rFire   + + .      SeeInvis .   a - +0 falchion (flame)
rCold   + . .      Faith    .   d - +0 buckler
rNeg    . . .      Spirit   .   (armour unavailable)
rPois   +          Reflect  .   (helmet restricted)
rElec   +          Harm     .   (no cloak)
rCorr   +          Rampage  .   (no gloves)
Will    .....                   (no boots)
Stlth   +.........              (no amulet)
HPRegen 0.08/turn               (no ring)
MPRegen 0.08/turn               (no ring)

@: lethally poisoned (-6 -> -39), resistant
A: AC +4, unfitting armour, cold-blooded
a: Renounce Religion, Fiery Armour, Foxfire Swarm, Rising Flame


You were on level 1 of the Dungeon.
You worshipped Ignis.
Ignis was extremely pleased with you.
You visited 1 branch of the dungeon, and saw 2 of its levels.

You collected 24 gold pieces.

Inventory:

Hand Weapons
 a - a +0 falchion of flaming (weapon)
Missiles
 b - 2 poisoned darts (quivered)
Armour
 d - a +0 buckler (worn)
Potions
 e - a potion of curing {unknown}


   Skills:
 + Level 3.4 Fighting
 * Level 3.4 Long Blades
 * Level 0.1 Shields
 + Level 1.0 Spellcasting
 + Level 3.1 Fire Magic


You had 3 spell levels left.
You didn't know any spells.
Your spell library contained the following spells:

 Spells                   Type           Power      Damage    Failure   Level
 Scorch                   Fire           18%        2d5       16%         2


Dungeon Overview and Level Annotations

Branches:
Dungeon (2/15)

Altars:


Innate Abilities, Weirdness & Mutations

Your plain brown scales are hard. (AC +4)
You cannot fit into any form of body armour.
You are cold-blooded and may be slowed by cold attacks.


Message History

Unknown command.
There are monsters nearby!
The rat twitches its whiskers.
There is a stone staircase leading up here.
You block the ball python's attack. The ball python grabs you.
You stop ascending the stairs.
The ball python constricts you. The kobold barely misses you.
Unknown command.
Okay, then.
You escape the ball python's grasp.
The kobold hits you with a +1 short sword of venom.
You are poisoned.
The ball python barely misses you. The ball python closely misses you.
You climb upwards.
You feel sick.
There is a stone staircase leading down here.
Unknown command.
You slash the ball python! You burn the ball python.
You kill the ball python!
You feel sick. The kobold closely misses you.
You closely miss the kobold.
You feel sick. The kobold hits you but does no damage.
You are more poisoned.
You closely miss the kobold.
You feel sick. The kobold hits you but does no damage.
You are lethally poisoned!
You barely miss the kobold.
You feel very sick. The kobold barely misses you.
The kobold hits you with a +1 short sword of venom.
You are more poisoned.
You closely miss the kobold.
* * * LOW HITPOINT WARNING * * *
You feel very sick.
The kobold hits you with a +1 short sword of venom.
* * * LOW HITPOINT WARNING * * *
You are more poisoned.
Unknown command.
It was a potion of resistance.
You feel protected.
You die...

#........###......#
#.#..#
####......#########
#.#... #####.##
#..... #.#### ####.#
#....# ### #.#
##....### #.# #.#
#.......# ##.#.###.#
#...>...###.###....#
#..@.........#.#####
###.K.#######.##
#.>.# ### #### #####
#... #.#. #..# ##.##
#.## #.#


You could see a kobold.

Vanquished Creatures
  2 ball pythons (D:1)
  A giant cockroach (D:1)
  2 goblins (D:1)
  2 hobgoblins (D:1)
  2 quokkas (D:1)
  A frilled lizard (D:1)
10 creatures vanquished.

Notes
Turn   | Place    | Note
-------+----------+-------------------------------------------
     0 | D:1      | Ericg1s the Draconian Cinder Acolyte began the quest for
                  | the Orb.
     0 | D:1      | Reached XP level 1. HP: 19/19 MP: 2/2
   355 | D:1      | Reached XP level 2. HP: 14/26 MP: 3/3
   700 | D:1      | HP: 1/26 [kobold (4)]
   701 | D:1      | Succumbed to a kobold's poison

Illustrated notes

Levels and vault maps discovered:
D:1:      eino_arrival_cavern_a, layout_loops_cross
D:2:      layout_rooms

Action                   || total
-------------------------++-------
Melee: Falchion          ||    27
       Tailslap          ||     2
  Use: Scroll            ||     2
       Potion            ||     1
Armor: Skin              ||     8
Dodge: Dodged            ||    13
Block: Buckler           ||     1
